 Dungeon Crawl Stone Soup version 0.16.2-12-gd0ad4c3 (webtiles) character file.

174297 faibistes the Eclecticist (level 17, -4/78 HPs)
             Began as a Deep Elf Wizard on Feb 25, 2019.
             Was the Champion of Sif Muna.
             Slain by a flying skull (14 damage)
             ... on level 1 of the Abyss on Feb 26, 2019.
             The game lasted 02:58:24 (58653 turns).

faibistes the Eclecticist (Deep Elf Wizard)        Turns: 58653, Time: 02:58:25

Health: -4/78      AC: 13    Str:  0    XL:     17   Next: 44%
Magic:  50/50      EV: 17    Int: 31    God:    Sif Muna [******]
Gold:   1456       SH:  0    Dex: 12    Spells: 12 memorised, 4 levels left

rFire  + . .     SeeInvis .     a - staff of conjuration
rCold  + . .     Clarity  .     p - +1 robe {rC+ rF+}
rNeg   . . .     SustAb   .     (no shield)
rPois  .         Gourm    .     I - +2 helmet
rElec  .         Spirit   .     f - +2 cloak {MR+}
rCorr  .         Warding  .     b - +2 pair of gloves {Dex+3}
rMut   .         Stasis   .     t - +1 pair of boots
MR     ++...                    (no amulet)
Stlth  ++........               m - ring of magical power
                                X - ring of wizardry

@: lost strength, very slow, very resistant to hostile enchantments, unstealthy
A: blurry vision 2, clumsy 2, deformed body, deterioration 3, frail 2, screaming
2, weak 2, placid magic 3
a: Channel Energy, Forget Spell, Renounce Religion


You were on level 1 of the Abyss.
You worshipped Sif Muna.
Sif Muna was exalted by your worship.
You were not hungry.

You visited 6 branches of the dungeon, and saw 35 of its levels.
You visited the Abyss 1 time.
You also visited: Trove.

You collected 3371 gold pieces.
You spent 1915 gold pieces at shops.

Inventory:

Hand weapons
 c - the +5 long sword "Hymaekhle" {drain, rElec Int+4}
   (You found it on level 3 of the Lair of Beasts)

   A truly terrible weapon, it drains the life of those it strikes.
   It affects your intelligence (+4).
   It insulates you from electricity.
Armour
 b - a +2 pair of gloves of dexterity (worn)
 f - a +2 cloak of magic resistance (worn)
 p - a +1 robe of resistance (worn)
 t - a +1 pair of boots (worn)
 I - a +2 helmet (worn)
Magical staves
 a - an uncursed staff of conjuration (weapon)
 E - an uncursed staff of poison
Jewellery
 m - a ring of magical power (right hand)
 G - the ring of Shadows {Umbra +Inv rN+ SInv}
   (You bought it in a shop on level 4 of the Orcish Mines)

   [ring of invisibility]

   It protects you from negative energy.
   It enhances your eyesight.
   It lets you turn invisible.
 P - an uncursed amulet of the gourmand {unknown}
 R - an uncursed ring of positive energy
 X - a ring of wizardry (left hand)
Magical devices
 u - a wand of lightning (0)
 A - a wand of invisibility (0)
 H - a wand of paralysis (12)
 J - a wand of teleportation (5)
 K - a wand of draining (2)
 M - a wand of disintegration (17)
 N - a wand of cold (0)
 V - a wand of polymorph (10)
 W - a wand of teleportation (7)
 Z - a wand of digging (15)
Scrolls
 e - 10 scrolls of fear
 g - 3 scrolls of teleportation
 i - 3 scrolls of fog
 w - 6 scrolls of remove curse
 y - 5 scrolls of magic mapping
 F - 4 scrolls of recharging
 Q - 3 scrolls of immolation
 S - a scroll of summoning
 U - 4 scrolls of blinking
Potions
 j - 13 potions of curing
 k - a potion of lignification {unknown}
 l - 5 potions of heal wounds
 n - 4 potions of haste
 r - 5 potions of restore abilities
 s - 2 potions of ambrosia
 v - 4 potions of cancellation
 x - 5 potions of brilliance
 D - 3 potions of invisibility
 O - 5 potions of magic
 T - 2 potions of resistance
Books
 h - Shasoas' Reference Book on Boosts
   (Sif Muna gifted it to you on level 1 of the Abyss)

   Spells                             Type                      Level
   a - Infusion                       Charms                       1
   b - Swiftness                      Charms/Air                   2
   c - Warp Weapon                    Charms/Translocation         5
   d - Excruciating Wounds            Charms/Necromancy            5
   e - Ring of Flames                 Charms/Fire                  7
Comestibles
 d - 19 bread rations
 z - 4 meat rations
 B - 17 fruits


   Skills:
 + Level 8.3 Fighting
 - Level 10.0 Dodging
 - Level 2.9 Stealth
 * Level 18.5 Spellcasting
 + Level 12.4 Conjurations
 + Level 8.7 Charms
   Level 5.0 Summonings
   Level 3.9 Necromancy
 - Level 7.0 Translocations
 - Level 4.4 Transmutations
 + Level 12.6 Fire Magic
 - Level 3.7 Air Magic
 * Level 12.5 Earth Magic
   Level 2.8 Poison Magic
 - Level 10.1 Invocations
 - Level 9.0 Evocations


You had 4 spell levels left.
You knew the following spells:

 Your Spells              Type           Power        Failure   Level  Hunger
a - Magic Dart            Conj           ####         0%          1    None
b - Conjure Flame         Conj/Fire      ######..     0%          3    None
c - Iskenderun's Battles  Conj/Chrm      ######..     0%          5    None
d - Blink                 Tloc           N/A          0%          2    None
f - Deflect Missiles      Chrm/Air       ####......   1%          6    None
g - Sandblast             Erth           #####.       0%          1    None
h - Haste                 Chrm           ####....     1%          6    None
i - Ignite Poison         Fire/Trmt      ####......   0%          5    None
j - Iron Shot             Conj/Erth      ######....   0%          6    None
k - Airstrike             Air            ###.......   0%          4    None
v - Bolt of Fire          Conj/Fire      ######....   0%          6    None
x - Force Lance           Conj/Tloc      ######..     0%          4    None


Dungeon Overview and Level Annotations

Branches:
Dungeon (15/15)            Temple (1/1) D:5            Lair (8/8) D:9
  Swamp (0/5) Lair:5       Spider (5/5) Lair:4        Slime (0/6) Lair:8
    Orc (4/4) D:12            Elf (2/3) Orc:3
 Vaults: D:13-14     Depths: D:15

Altars:
Ashenzari
Cheibriados
Dithmenos
Elyvilon
Fedhas
Gozag
Kikubaaqudgha
Makhleb
Nemelex Xobeh
Okawaru
Qazlal
Ru
Sif Muna
Trog
Vehumet
Xom
Yredelemnul
Zin
The Shining One
Beogh
Jiyva

Shops:
D:6 (=   D:7 [   Orc:4 *([=   Elf:1 [

Annotations:
Spider:2 Louise


Innate Abilities, Weirdness & Mutations

[Scrolls take you longer to read.]
[You are very clumsy. (Dex -4)]
[Armour fits poorly on your strangely shaped body.]
[Your body is rapidly deteriorating.]
[You are very frail (-20% HP).]
[You sometimes yell uncontrollably at your foes.]
[You are very weak. (Str -4)]
[Your spells are much easier to cast, but much less powerful.]


Message History

Your large abomination is destroyed!
Use which ability? (? or * to list)
You channel some magical energy.
You feel somewhat more hungry.
Your fire bat misses the flying skull.
Your fire bat bites the flying skull but does no damage.
Your thrashing horror misses the flying skull.
Your thrashing horror barely misses the flying skull.
The flying skull barely misses your thrashing horror.
Your thrashing horror tramples the flying skull but does no damage.
Your thrashing horror misses the flying skull.
A flying skull is nearby!
A flying skull is nearby!
Casting: Blink
Confirm with . or Enter, or press ? or * to list all spells.
A powerful magic prevents control of your teleportation.
You blink.
Something hits your manticore zombie!
Your fire bat bites the flying skull but does no damage.
The flying skull hits you!
You die...

..## ## ##..#
#..#..#
#...z.#
#....##XZ#
#### ##..####
#. ##....# ##
## . #.#z..##
##.# #
#Z@b.#.....#.
#
##X.##..#.###
#.....##...
.# #..##..#.
..# . .. ####
##.# ....# #.
# ## #.. #...
. . . . . ..#
#. ###


You could see a flying skull, a friendly thrashing horror, a friendly fire bat
and a friendly manticore zombie.

Vanquished Creatures
  Norris (Spider:5)
  A bone dragon (Abyss:1)
  Nikola (Spider:2)
  A lich (Abyss:1)
  An acid blob (Lair:8)
  A tentacled starspawn (Abyss:1)
  2 orc warlords
  2 deep elf sorcerers
  A ghost moth (Spider:2)
  A deep elf annihilator (Elf:2)
  The ghost of faibistes the Thaumaturge, a powerful DEWz of Sif Muna (Lair:7)
  6 hydras
  3 catoblepae (Lair:8)
  Nessos (Spider:2)
  A centaur warrior (D:13)
  6 death yaks
  16 dancing weapons (Elf:2)
  A sun demon (Abyss:1)
  A deep troll shaman (Lair:8)
  2 thrashing horrors (Abyss:1)
  A hell hog (Abyss:1)
  15 deep elf knights
  2 wretched stars (Abyss:1)
  6 large abominations (Abyss:1)
  28 starcursed masses (Abyss:1)
  An unseen horror (D:11)
  An unseen horror (shapeshifter) (Elf:1)
  8 deep elf summoners
  5 hill giants
  15 deep elf conjurers
  An orc knight (Orc:4)
  A mana viper (Abyss:1)
  6 orb spiders
  A lindwurm (Lair:8)
  An oklob plant (Lair:8)
  2 ugly things
  2 griffons (Lair:8)
  14 wolf spiders
  3 orc sorcerers
  4 cyclopes
  2 worldbinders (Abyss:1)
  10 elephants
  5 black mambas
  A manticore (D:14)
  A moth of wrath (Spider:2)
  A rust devil (Abyss:1)
  A moth of wrath (shapeshifter) (Elf:2)
  A spiny frog (shapeshifter) (Abyss:1)
  3 gargoyles
  3 torpor snails
  An orange demon (Abyss:1)
  2 centaur skeletons
  4 fire drakes
  16 spiny frogs
  9 komodo dragons
  4 demonic crawlers
  A hydra zombie (Abyss:1)
  A red devil (Abyss:1)
  The ghost of faibistes the Thaumaturge, an experienced DEWz (D:5)
  8 deep elf priests
  A tengu conjurer (D:14)
  2 ancient zymes (Abyss:1)
  2 polar bears
  17 jumping spiders
  2 ravens (D:14)
  A giant leech (Lair:5)
  3 raiju (Abyss:1)
  An alligator zombie (Abyss:1)
  3 boulder beetles
  A slime creature (D:11)
  2 two-headed ogres (D:8)
  27 blink frogs
  A trapdoor spider zombie (D:12)
  3 trolls
  24 redbacks
  7 basilisks
  2 wyverns
  10 trapdoor spiders
  A water elemental (D:11)
  23 deep elf magi
  A wraith (D:14)
  11 hippogriffs
  8 tarantellas
  A ynoxinul (Abyss:1)
  74 yaks
  29 deep elf fighters
  3 hungry ghosts
  8 humans
  8 wolves
  14 water moccasins
  11 small abominations (Abyss:1)
  A mottled dragon (D:11)
  13 porcupines
  11 ogres
  A wasp (Spider:4)
  3 sky beasts
  An eye of draining (D:11)
  18 spiders
  5 phantoms
  9 necrophages
  A boring beetle (Lair:8)
  40 orc warriors
  3 centaurs
  4 ice beasts
  15 crocodiles
  3 black bears
  9 big kobolds
  2 brain worms
  24 giant frogs
  Blork the orc (D:7)
  A wyvern zombie (D:12)
  2 gnoll sergeants
  6 killer bees (D:11)
  5 scorpions
  11 electric eels
  9 wights
  4 crimson imps
  A goliath beetle (D:6)
  3 jellies
  A centaur zombie (D:7)
  A giant frog zombie (D:12)
  2 giant frog skeletons
  3 quasits
  18 hounds
  14 iguanas
  28 orc priests
  41 orc wizards
  13 hell rats
  11 worker ants
  Jessica (D:3)
  An ogre zombie (Orc:4)
  26 sheep
  2 hound zombies
  A hound skeleton (D:4)
  4 mummies
  2 worker ant zombies
  Robin (D:2)
  15 gnolls
  6 orc zombies (Orc:4)
  59 river rats
  5 shadow imps
  29 adders
  2 giant mites
  6 worms
  3 white imps
  An ufetubus (Abyss:1)
  An adder zombie (D:8)
  An adder skeleton (D:6)
  11 giant geckos
  2 oozes
  205 orcs
  12 bats
  A bat skeleton (D:4)
  5 giant cockroaches
  21 hobgoblins
  12 quokkas
  2 ball pythons
  3 giant gecko skeletons
  5 giant newts
  A giant spore (D:6)
  30 goblins
  8 jackals
  41 kobolds
  A lurking horror (Abyss:1)
  2 quokka skeletons
  19 rats
  A spectral orc (D:3)
  3 ballistomycetes
  2 fungi
  6 plants
1440 creatures vanquished.

Vanquished Creatures (collateral kills)
  An orc high priest (Orc:4)
  An orc sorcerer (Orc:4)
  A centaur skeleton (D:11)
  4 flying skulls (Abyss:1)
  4 blink frogs
  9 yaks (Lair:8)
  A water moccasin (Lair:8)
  4 orc warriors
  A necrophage (D:8)
  An ogre (Orc:4)
  A crocodile (Lair:8)
  2 big kobolds
  A giant frog (Lair:3)
  2 orc priests (Orc:4)
  2 orc wizards
  3 sheep (Lair:3)
  Ijyb (D:2)
  An adder (Lair:8)
  47 orcs
  A hobgoblin (D:2)
  8 kobolds
  A giant newt (D:1)
  10 goblins
  A bush (Lair:8)
  6 fungi
  12 plants
126 creatures vanquished.

Vanquished Creatures (others)
  2 deep elf knights (Elf:1)
  A deep elf conjurer (Elf:1)
  A fire drake (Lair:8)
  2 deep elf priests (Elf:1)
  A fire bat (Abyss:1)
  2 deep elf fighters (Elf:1)
  A small abomination (Abyss:1)
  A large abomination (Abyss:1)
  A shadow imp (D:8)
  A white imp (D:9)
  3 giant spores
  A lurking horror (Abyss:1)
  3 ballistomycetes
  42 fungi
  45 plants
  3 snaplasher vines
  1064 snaplasher vine segments
  2 starspawn tentacles (Abyss:1)
1176 creatures vanquished.

Grand Total: 2742 creatures vanquished

Notes
Turn   | Place    | Note
--------------------------------------------------------------
     0 | D:1      | faibistes, the Deep Elf Wizard, began the quest for the Orb.
     0 | D:1      | Reached XP level 1. HP: 10/10 MP: 6/6
   115 | D:1      | Reached skill level 5 in Spellcasting
   236 | D:1      | Reached XP level 2. HP: 15/15 MP: 8/11
   242 | D:1      | Learned a level 2 spell: Blink
   245 | D:1      | Learned a level 2 spell: Call Imp
   646 | D:1      | Reached XP level 3. HP: 19/19 MP: 8/14
   656 | D:1      | Learned a level 3 spell: Conjure Flame
   660 | D:1      | Learned a level 3 spell: Mephitic Cloud
  1163 | D:2      | Found an iron altar of Okawaru.
  1204 | D:3      | Noticed Robin
  1796 | D:3      | Noticed Ijyb
  2087 | D:2      | Killed Ijyb
  2087 | D:2      | Reached XP level 4. HP: 20/24 MP: 12/18
  2099 | D:2      | Learned a level 2 spell: Repel Missiles
  2161 | D:2      | Killed Robin
  2161 | D:2      | Reached skill level 6 in Spellcasting
  2650 | D:2      | Reached XP level 5. HP: 28/28 MP: 14/20
  2682 | D:2      | Found a shadowy altar of Dithmenos.
  3816 | D:3      | Reached skill level 7 in Spellcasting
  3828 | D:3      | Found a basalt altar of Yredelemnul.
  3999 | D:3      | Noticed Jessica
  4698 | D:3      | Found an ancient bone altar of Kikubaaqudgha.
  4721 | D:3      | Gained mutation: You have a pair of small horns on your head. [potion of beneficial mutation]
  4764 | D:3      | Killed Jessica
  4764 | D:3      | Reached XP level 6. HP: 32/32 MP: 14/23
  4864 | D:5      | Entered Level 5 of the Dungeon
  5321 | D:4      | Found a shimmering altar of Xom.
  6131 | D:5      | Noticed faibistes' ghost (experienced DEWz)
  6140 | D:5      | Reached skill level 8 in Spellcasting
  6140 | D:5      | Reached XP level 7. HP: 4/37 MP: 5/26
  6442 | D:5      | Found a deep blue altar of Sif Muna.
  6591 | D:5      | Killed faibistes' ghost
  6591 | D:5      | Reached skill level 1 in Fighting
  6591 | D:5      | Reached skill level 1 in Evocations
  6697 | D:5      | Found a staircase to the Ecumenical Temple.
  6722 | Temple   | Entered the Ecumenical Temple
  7031 | D:5      | Became a worshipper of Sif Muna the Loreminder
  7116 | D:5      | Found a glowing golden altar of the Shining One.
  7487 | D:5      | Reached skill level 1 in Air Magic
  7487 | D:5      | Reached skill level 1 in Poison Magic
  7624 | D:5      | Reached skill level 1 in Fire Magic
  7641 | D:5      | Reached skill level 9 in Spellcasting
  7641 | D:5      | Reached XP level 8. HP: 38/44 MP: 14/28
  7898 | D:5      | Found a burning altar of Makhleb.
  8184 | D:6      | Found Chuatt's Jewellery Boutique.
  8193 | D:6      | Reached skill level 5 in Dodging
  8465 | D:6      | Acquired Sif Muna's first power
  8672 | D:6      | Found a glowing golden altar of the Shining One.
  9275 | D:6      | Found Froafiopt's Weapon Boutique.
  9374 | D:6      | Reached skill level 5 in Conjurations
  9522 | D:7      | Acquired Sif Muna's second power
  9754 | D:7      | Noticed a cyclops
  9784 | D:7      | Killed a cyclops
  9784 | D:7      | Reached skill level 10 in Spellcasting
  9784 | D:7      | Reached XP level 9. HP: 29/48 MP: 8/30
 10089 | D:7      | Noticed a hill giant
 10111 | D:7      | Killed a hill giant
 10111 | D:7      | Reached skill level 1 in Charms
 10111 | D:7      | Reached skill level 1 in Invocations
 10317 | D:7      | Found a stormy altar of Qazlal.
 10324 | D:7      | Learned a level 5 spell: Bolt of Draining
 10855 | D:7      | Noticed Blork the orc
 10863 | D:7      | Killed Blork the orc
 10882 | D:7      | Found a deep blue altar of Sif Muna.
 10963 | D:7      | Reached skill level 5 in Fire Magic
 11134 | D:7      | Found Xaokkujint's Armour Shoppe.
 11148 | D:7      | Bought a +2 cloak of poison resistance for 240 gold pieces
 11171 | D:7      | Bought a +0 pair of gloves of dexterity for 149 gold pieces
 11352 | D:7      | Found a sparkling altar of Nemelex Xobeh.
 11352 | D:7      | Found an opulent altar of Gozag.
 11453 | D:8      | Reached skill level 1 in Necromancy
 11786 | D:8      | Noticed a two-headed ogre
 11792 | D:8      | Killed a two-headed ogre
 11792 | D:8      | Reached XP level 10. HP: 31/54 MP: 29/32
 12435 | D:8      | Found a glowing silver altar of Zin.
 12570 | D:8      | Found a snail-covered altar of Cheibriados.
 12671 | D:8      | Reached skill level 11 in Spellcasting
 13770 | D:9      | Acquired Sif Muna's third power
 13864 | D:9      | Noticed a komodo dragon
 13865 | D:9      | Noticed a komodo dragon
 13875 | D:9      | Killed a komodo dragon
 13893 | D:9      | Killed a komodo dragon
 14138 | D:9      | Found a staircase to the Lair.
 14329 | D:10     | Entered Level 10 of the Dungeon
 15570 | Lair:1   | Entered Level 1 of the Lair of Beasts
 15570 | Lair:1   | Found a labyrinth entrance.
 15635 | Lair:1   | Learned a level 5 spell: Bolt of Magma
 15642 | Lair:1   | Learned a level 6 spell: Statue Form
 15729 | Lair:1   | Reached XP level 11. HP: 60/60 MP: 22/33
 15799 | Lair:1   | Identified a scroll of acquirement
 15806 | Lair:1   | Learned a level 4 spell: Force Lance
 16196 | Lair:2   | Reached skill level 1 in Earth Magic
 16196 | Lair:2   | Reached skill level 5 in Invocations
 16281 | Lair:2   | Learned a level 5 spell: Ignite Poison
 16412 | Lair:1   | Reached skill level 1 in Transmutations
 17360 | Lair:2   | Reached skill level 12 in Spellcasting
 17954 | Lair:2   | Reached skill level 5 in Charms
 18280 | Lair:2   | Reached skill level 5 in Evocations
 18752 | Lair:2   | Reached skill level 5 in Translocations
 19327 | Lair:2   | Noticed a four-headed hydra
 19349 | Lair:2   | Killed a four-headed hydra
 19752 | Lair:2   | Learned a level 5 spell: Summon Forest
 19904 | Lair:3   | Got a crude long sword
 20083 | Lair:5   | Reached XP level 12. HP: 66/66 MP: 14/35
 20671 | Lair:3   | Received a gift from Sif Muna
 20672 | Lair:3   | Identified Sif Muna's Tome of Dusty Conjuration (Sif Muna gifted it to you on level 3 of the Lair of Beasts)
 22017 | Lair:4   | Found a hole to the Spider Nest.
 22255 | Lair:5   | Noticed a four-headed hydra
 22259 | Lair:5   | Killed a four-headed hydra
 22259 | Lair:5   | Reached skill level 5 in Summonings
 22375 | Lair:4   | Identified the +5 long sword "Hymaekhle" {drain, rElec Int+4} (You found it on level 3 of the Lair of Beasts)
 22773 | Lair:4   | Reached skill level 5 in Earth Magic
 24946 | Lair:5   | Found a staircase to the Swamp.
 25113 | Lair:6   | Reached skill level 13 in Spellcasting
 25282 | Lair:7   | Reached XP level 13. HP: 72/72 MP: 25/36
 25590 | Lair:8   | Entered Level 8 of the Lair of Beasts
 25870 | Lair:7   | Noticed a seven-headed hydra
 25876 | Lair:7   | Killed a seven-headed hydra
 26147 | Lair:6   | Received a gift from Sif Muna
 26164 | Lair:6   | Learned a level 6 spell: Deflect Missiles
 26995 | Lair:6   | Noticed a four-headed hydra
 26998 | Lair:6   | Killed a four-headed hydra
 28696 | Lair:7   | Reached skill level 5 in Fighting
 28874 | Lair:7   | Noticed a four-headed hydra
 28878 | Lair:7   | Killed a four-headed hydra
 29622 | Lair:7   | Noticed faibistes' ghost (powerful DEWz)
 29636 | Lair:7   | Killed faibistes' ghost
 30476 | Lair:8   | Found a viscous altar of Jiyva.
 30478 | Lair:8   | Found a staircase to the Slime Pits.
 30608 | Lair:8   | Reached skill level 14 in Spellcasting
 30763 | Lair:8   | Reached XP level 14. HP: 73/78 MP: 24/38
 31556 | Lair:8   | Noticed an acid blob
 31562 | Lair:8   | Killed an acid blob
 31715 | Lair:8   | Received a gift from Sif Muna
 33281 | Lair:8   | Got an encrusted falchion
 33282 | Lair:8   | Identified the +8 falchion of Propriety {holy, Str+3} (You found it on level 8 of the Lair of Beasts)
 33606 | Lair:8   | Reached skill level 10 in Invocations
 34216 | Lair:2   | Learned a level 6 spell: Bolt of Fire
 34223 | Lair:2   | Learned a level 5 spell: Iskenderun's Battlesphere
 34229 | Lair:2   | Learned a level 4 spell: Airstrike
 34231 | Lair:2   | Learned a level 1 spell: Sandblast
 35307 | D:7      | Bought a +2 cloak of magic resistance for 279 gold pieces
 36021 | D:10     | Found a portal to a secret trove of treasure.
 36523 | Trove    | Entered a treasure trove
 36594 | Trove    | Gained mutation: You are partially covered in slimy green scales (AC +2). [potion of beneficial mutation]
 38640 | D:12     | Found a staircase to the Orcish Mines.
 38883 | D:13     | Reached skill level 15 in Spellcasting
 39250 | D:15     | Entered Level 15 of the Dungeon
 39620 | D:12     | Reached skill level 10 in Dodging
 39620 | D:12     | Reached XP level 15. HP: 84/84 MP: 15/39
 41182 | Orc:1    | Entered Level 1 of the Orcish Mines
 41688 | Orc:4    | Entered Level 4 of the Orcish Mines
 43471 | Orc:3    | Found a staircase to the Elven Halls.
 44288 | Orc:4    | Found a burning altar of Makhleb.
 45459 | Orc:4    | Found a roughly hewn altar of Beogh.
 45509 | Orc:4    | Found a roughly hewn altar of Beogh.
 45780 | Orc:4    | Found a roughly hewn altar of Beogh.
 45855 | Orc:4    | Found a roughly hewn altar of Beogh.
 45856 | Orc:4    | Found Fre Liatio's Jewellery Boutique.
 45964 | Orc:4    | Bought an uncursed ring of magical power for 340 gold pieces
 45964 | Orc:4    | Bought an uncursed ring of see invisible for 255 gold pieces
 46017 | Orc:4    | Found a roughly hewn altar of Beogh.
 46800 | Orc:4    | Reached skill level 10 in Conjurations
 46867 | Orc:4    | Found a roughly hewn altar of Beogh.
 47030 | Orc:4    | Found Niadgh's General Store.
 47035 | Orc:4    | Bought a potion of heal wounds for 60 gold pieces
 47035 | Orc:4    | Bought the ring of Shadows {Umbra +Inv rN+ SInv} for 544 gold pieces
 47035 | Orc:4    | Bought a scroll of identify for 24 gold pieces
 47035 | Orc:4    | Bought a scroll of identify for 24 gold pieces
 47073 | Orc:4    | Reached skill level 10 in Fire Magic
 47408 | Orc:4    | Found a roughly hewn altar of Beogh.
 47409 | Orc:4    | Found Yreguim's Antique Armour Emporium.
 47411 | Orc:4    | Found Twykh's Antique Weapon Shoppe.
 47510 | Orc:4    | Reached skill level 10 in Earth Magic
 47730 | Elf:1    | Entered Level 1 of the Elven Halls
 48593 | Elf:1    | Found Khunt's Armour Boutique.
 49367 | Elf:2    | Reached skill level 16 in Spellcasting
 49602 | Elf:1    | Identified the Almanac of Combat Magic and Calling
 51031 | Elf:2    | Reached XP level 16. HP: 92/92 MP: 25/40
 51124 | Elf:2    | Lost mutation: You are partially covered in slimy green scales (AC +2). [potion of cure mutation]
 51124 | Elf:2    | Lost mutation: You have a pair of small horns on your head. [potion of cure mutation]
 51402 | Elf:2    | Found a runed gate.
 51402 | Elf:2    | Found a runed gate.
 51402 | Elf:2    | Found a runed gate.
 51899 | Lair:2   | Learned a level 6 spell: Iron Shot
 52657 | Elf:2    | Reached skill level 17 in Spellcasting
 53530 | Lair:2   | Learned a level 5 spell: Ignite Poison
 53538 | Lair:2   | Learned a level 6 spell: Haste
 53841 | Spider:1 | Entered Level 1 of the Spider Nest
 54563 | Spider:5 | Entered Level 5 of the Spider Nest
 54622 | Spider:5 | Noticed Norris
 54858 | Spider:5 | Killed Norris
 56700 | Spider:2 | Noticed Nessos
 56709 | Spider:2 | Killed Nessos
 56870 | Spider:2 | Noticed Nikola
 56877 | Spider:2 | Killed Nikola
 56877 | Spider:2 | Reached XP level 17. HP: 88/97 MP: 23/42
 57047 | Spider:2 | Reached skill level 18 in Spellcasting
 57410 | Spider:2 | Noticed Louise
 57419 | Spider:2 | Cast into the Abyss (Louise)
 57421 | Abyss:1  | Found an iron altar of Okawaru.
 57998 | Abyss:1  | Noticed a lich
 58000 | Abyss:1  | Killed a lich
 58000 | Abyss:1  | Received a gift from Sif Muna
 58001 | Abyss:1  | Identified Shasoas' Reference Book on Boosts (Sif Muna gifted it to you on level 1 of the Abyss)
 58230 | Abyss:1  | Paralysed by accursed screaming for 1 turns
 58405 | Abyss:1  | Paralysed by accursed screaming for 2 turns
 58410 | Abyss:1  | Paralysed by accursed screaming for 2 turns
 58424 | Abyss:1  | Found a corrupted altar of Lugonu.
 58472 | Abyss:1  | Noticed a bone dragon
 58478 | Abyss:1  | Killed a bone dragon
 58605 | Abyss:1  | Lost strength.
 58653 | Abyss:1  | Slain by a flying skull

Action                   |  1- 3 |  4- 6 |  7- 9 | 10-12 | 13-15 | 16-18 || total
-------------------------+-------+-------+-------+-------+-------+-------++-------
Melee: Dagger            |    11 |    22 |    92 |     1 |   103 |       ||   229
       Staff             |       |       |     2 |   113 |       |     1 ||   116
 Cast: Magic Dart        |    85 |   195 |   418 |   297 |   292 |    36 ||  1323
       Call Imp          |    12 |     6 |     1 |     6 |       |       ||    25
       Mephitic Cloud    |     5 |    15 |    17 |    22 |     1 |       ||    60
       Blink             |     4 |    10 |     7 |     7 |     1 |     4 ||    33
       Repel Missiles    |       |     2 |     1 |       |       |       ||     3
       Conjure Flame     |       |     5 |    27 |    69 |    27 |       ||   128
       Bolt of Draining  |       |       |       |     7 |       |       ||     7
       Bolt of Magma     |       |       |       |   139 |   185 |       ||   324
       Force Lance       |       |       |       |    66 |   112 |    50 ||   228
       Ignite Poison     |       |       |       |    46 |    53 |    94 ||   193
       Summon Forest     |       |       |       |     2 |    13 |     1 ||    16
       Deflect Missiles  |       |       |       |       |     5 |       ||     5
       Bolt of Fire      |       |       |       |       |   295 |   169 ||   464
       Airstrike         |       |       |       |       |    27 |    42 ||    69
       Iskenderun's Batt |       |       |       |       |    64 |    21 ||    85
       Iron Shot         |       |       |       |       |       |     8 ||     8
       Haste             |       |       |       |       |       |     1 ||     1
Invok: Channel Energy    |       |       |       |    50 |    61 |   228 ||   339
       Forget Spell      |       |       |       |     1 |     3 |     2 ||     6
 Abil: Evoke Invisibilit |       |       |       |       |       |     1 ||     1
Evoke: Wand              |       |       |       |     1 |     2 |     5 ||     8
  Use: Scroll            |       |     7 |     6 |    21 |    10 |     5 ||    49
       Potion            |       |     3 |       |       |     7 |    13 ||    23
 Stab: Confused          |     2 |       |     1 |     3 |       |       ||     6
       Distracted        |       |       |     1 |       |       |       ||     1
  Eat: Chunk             |     3 |    13 |    16 |    59 |   103 |    24 ||   218
       Beef jerky        |       |       |       |     1 |     1 |     1 ||     3
       Fruit             |       |       |       |     1 |     7 |     5 ||    13
       Pizza             |       |       |       |       |     4 |       ||     4
       Meat ration       |       |       |       |       |       |     6 ||     6
